 Dungeon Crawl Stone Soup version 0.20-a0-870-g4070442 (webtiles) character file.

6097 polly the Protected (level 10, -2/74 HPs)
             Began as a Demonspawn Gladiator on Mar 14, 2017.
             Was an Initiate of Gozag.
             Slain by a troll (3 damage)
             ... on level 9 of the Dungeon.
             The game lasted 00:20:49 (11307 turns).

polly the Protected (Demonspawn Gladiator)         Turns: 11307, Time: 00:20:51

Health: -2/74      AC: 27    Str: 17    XL:     10   Next: 58%
Magic:  11/11      EV:  8    Int: 11    God:    Gozag
Gold:   561        SH:  0    Dex: 14    Spells: 9/9 levels left

rFire    . . .     SeeInvis .   p - +1 whip (flame)
rCold    + . .     Gourm    .   o - +0 plate armour
rNeg     . . .     Faith    .   (no shield)
rPois    .         Spirit   .   (helmet restricted)
rElec    .         Reflect  .   (no cloak)
rCorr    .         Harm     .   (no gloves)
MR       .....                  (no boots)
Stlth    ..........             (no amulet)
Regen    0.3/turn               (no ring)
MPRegen  0.2/turn               e - +2 ring of protection

@: no status effects
A: antennae 1, thin metallic scales 1, cold resistance 1, icemail, powered by
death 2, freezing cloud immunity
a: Potion Petition, Call Merchant, Bribe Branch, Renounce Religion


You were on level 9 of the Dungeon.
You worshipped Gozag.
Gozag was pleased with you.
You were hungry.

You visited 2 branches of the dungeon, and saw 11 of its levels.

You collected 675 gold pieces.
You paid 114 gold pieces to Gozag.

Inventory:

Hand Weapons
 p - a +1 whip of flaming (weapon)
Armour
 o - a +0 plate armour (worn)
Jewellery
 e - a +2 ring of protection (left hand)
 u - a cursed ring of loudness {unknown}
Wands
 h - a wand of lightning (0/15)
 n - a wand of paralysis (0/24)
 t - a wand of scattershot (3/9)
 w - a wand of digging (16/24)
 x - a wand of flame (8/48)
Scrolls
 a - 3 scrolls of remove curse
 b - a scroll of teleportation
 c - 5 scrolls of identify
 g - 3 scrolls of recharging
 k - a scroll of fog {unknown}
 l - 4 scrolls of magic mapping {unknown}
 q - 2 scrolls of amnesia {unknown}
 v - a scroll of enchant armour {unknown}
Books
 r - a book of Frost

   Spells                             Type                      Level
   a - Freeze                         Ice                          1
   b - Throw Frost                    Conjuration/Ice              2
   c - Ozocubu's Armour               Charms/Ice                   3
   d - Throw Icicle                   Conjuration/Ice              4
   e - Summon Ice Beast               Ice/Summoning                4
 y - a Young Poisoner's Handbook

   Spells                             Type                      Level
   a - Sting                          Conjuration/Poison           1
   b - Poisonous Vapours              Poison/Air                   2
   c - Mephitic Cloud                 Conjuration/Poison/Air       3
   d - Olgreb's Toxic Radiance        Poison                       4
   e - Venom Bolt                     Conjuration/Poison           5
Comestibles
 d - 4 bread rations
 i - 5 meat rations
 j - 16 fruits
 m - 2 royal jellies


   Skills:
 + Level 5.3 Fighting
 * Level 4.6 Maces & Flails
 + Level 2.0 Throwing
 + Level 8.4 Armour
 + Level 6.8 Dodging
 - Level 2.2 Stealth
 - Level 7.5 Unarmed Combat
 + Level 2.6 Evocations


You had 9 spell levels left.
You didn't know any spells.

Dungeon Overview and Level Annotations

Branches:
Dungeon (10/15)            Temple (1/1) D:6
   Lair: D:8-11         Orc: D:9-12

Altars:
Ashenzari
Cheibriados
Dithmenos
Elyvilon
Fedhas
Gozag
Hepliaklqana
Kikubaaqudgha
Makhleb
Nemelex Xobeh
Okawaru
Qazlal
Ru
Sif Muna
Trog
Uskayaw
Vehumet
Wu Jian
Xom
Yredelemnul
Zin
The Shining One

Shops:
D:6 (   D:8 (%

Annotations:
D:10 Harold


Innate Abilities, Weirdness & Mutations

You have a pair of small antennae on your head.
You are partially covered in thin metallic scales. (AC +2)
Your flesh is cold resistant. (rC+)
A meltable icy envelope protects you from harm. (AC +10)
You regenerate health from kills.
You are immune to freezing clouds.


Message History

The troll bites you but does no damage. The troll claws you but does no damage.
The troll claws you.
* * * LOW HITPOINT WARNING * * *
You hit the troll but do no damage.
The troll is severely wounded.
The troll bites you but does no damage. The troll barely misses you. x2
You hit the troll but do no damage.
The troll is severely wounded.
The troll bites you!
* * * LOW HITPOINT WARNING * * *
The troll claws you but does no damage. x2
You hit the troll but do no damage.
The troll is severely wounded.
You hit the troll. You burn the troll.
The troll is severely wounded.
The troll bites you!
* * * LOW HITPOINT WARNING * * *
The troll claws you but does no damage. The troll claws you.
You die...
Your body crumbles into a pile of gold.

#.#.####.......# #..#.##...##...
###.####....#..# #..#.##....'...
##.........{#..####..#.##..).'...
###.#####.)T#.......)...#...##...
##..........##..###.[#.###'##....
###.####.............#.# #.!##.P.
# #.##....[####..###.#.###..#....
# #.##.#...# #..T.#.#..######...
# #.##.#...#####@....###...##.###
# #..............#)######..#.....
##########.#######.# #.....##.#..
).......)..# #.# #.#..<......
##########.# #.# #.##..###### #.#
#.# #.#......... #.# #.#
#.#......... #.# #.# #.).........
#.# #.#####.########


You could see a troll.

Vanquished Creatures
  Pikel (D:6)
  The ghost of TheHza the Basher, a novice DsGl of Hepliaklqana (D:6)
  Joseph (D:7)
  3 hippogriffs
  A hornet (D:9)
  Eustachio (D:5)
  A hungry ghost (D:8)
  3 steam dragons
  Duvessa (D:4)
  A sky beast (D:9)
  7 orc warriors
  A phantom (D:4)
  A necrophage (D:9)
  4 ogres
  6 centaurs
  A bullfrog (D:6)
  3 big kobolds
  A gnoll sergeant (D:7)
  Dowan (D:4)
  A scorpion (D:6)
  A killer bee (D:10)
  5 wights (D:6)
  2 howler monkeys
  2 crimson imps
  A centaur zombie (D:7)
  2 hounds
  A jelly (D:6)
  5 orc wizards
  7 orc priests
  4 worker ants
  A hound zombie (D:6)
  A hound skeleton (D:9)
  13 adders
  3 gnolls (D:7)
  5 shadow imps
  2 worms
  5 dart slugs
  4 leopard geckos
  29 orcs
  A ball python (D:3)
  9 bats
  8 giant cockroaches
  8 goblins
  10 hobgoblins
  9 jackals
  5 quokkas
  4 frilled lizards
  14 kobolds
  A leopard gecko skeleton (D:6)
  A quokka skeleton (D:9)
  A quokka zombie (D:5)
  5 rats
  A spectral orc (D:6)
210 creatures vanquished.

Vanquished Creatures (others)
  3 howler monkeys (D:7)
  A jelly (D:7)
4 creatures vanquished.

Grand Total: 214 creatures vanquished

Notes
Turn   | Place    | Note
-------+----------+-------------------------------------------
     0 | D:1      | polly the Demonspawn Gladiator began the quest for the Orb.
     0 | D:1      | Reached XP level 1. HP: 16/16 MP: 1/1
    66 | D:1      | Gained mutation: You are partially covered in thin metallic scales. (AC +2) [demonic ancestry]
    66 | D:1      | Reached XP level 2. HP: 12/22 MP: 2/2
   451 | D:1      | Gained mutation: You regenerate a little health from kills. [demonic ancestry]
   451 | D:1      | Reached XP level 3. HP: 27/27 MP: 3/3
   887 | D:2      | Reached skill level 1 in Armour
  1444 | D:3      | Gained mutation: Your flesh is cold resistant. (rC+) [demonic ancestry]
  1444 | D:3      | Reached XP level 4. HP: 21/33 MP: 4/4
  2052 | D:3      | Gained mutation: You are immune to freezing clouds. [demonic ancestry]
  2052 | D:3      | Reached XP level 5. HP: 37/38 MP: 5/5
  2312 | D:4      | Noticed a phantom
  2331 | D:4      | Noticed an ogre
  2344 | D:4      | Found a hide-covered altar of Uskayaw.
  2345 | D:4      | Noticed a dagger
  2346 | D:4      | Noticed a hand axe
  2360 | D:4      | Killed an ogre
  2413 | D:4      | Killed a phantom
  2413 | D:4      | Reached skill level 1 in Stealth
  2413 | D:4      | Gained mutation: A meltable icy envelope protects you from harm. (AC +10) [demonic ancestry]
  2413 | D:4      | Reached XP level 6. HP: 15/46 MP: 6/6
  2683 | D:4      | Reached skill level 5 in Unarmed Combat
  3121 | D:5      | Entered Level 5 of the Dungeon
  3123 | D:5      | Noticed Duvessa
  3123 | D:5      | Noticed Dowan
  3171 | D:4      | Reached skill level 2 in Armour
  3355 | D:4      | Killed Duvessa
  3793 | D:4      | Killed Dowan
  3793 | D:4      | Reached XP level 7. HP: 24/51 MP: 7/7
  4375 | D:5      | Noticed Eustachio
  4433 | D:5      | Killed Eustachio
  4433 | D:5      | Reached skill level 3 in Armour
  4887 | D:6      | Found Miru's Antique Weapon Boutique.
  5178 | D:6      | Gained mutation: You regenerate health from kills. [demonic ancestry]
  5178 | D:6      | Reached XP level 8. HP: 23/57 MP: 8/8
  5182 | D:6      | Noticed TheHza's ghost (novice DsGl)
  5211 | D:6      | Killed TheHza's ghost
  5211 | D:6      | Reached skill level 4 in Armour
  5339 | D:6      | Found a basalt altar of Yredelemnul.
  5448 | D:6      | Reached skill level 5 in Dodging
  5450 | D:6      | Reached skill level 1 in Evocations
  5490 | D:6      | Reached skill level 5 in Armour
  5515 | D:6      | Paralysed by an orc for 2 turns
  5539 | D:6      | Found a staircase to the Ecumenical Temple.
  5717 | D:7      | Reached XP level 9. HP: 28/64 MP: 9/9
  5996 | D:7      | Noticed Pikel
  6038 | D:6      | Killed Pikel
  6038 | D:6      | Reached skill level 6 in Armour
  6181 | D:7      | Noticed Joseph
  6205 | D:7      | Killed Joseph
  6340 | D:7      | Found a hazy altar of Hepliaklqana.
  6539 | D:7      | Reached skill level 7 in Armour
  6909 | D:8      | Found Farul's Weapon Shoppe.
  7126 | D:8      | Found a burning altar of Makhleb.
  7260 | D:8      | Gained mutation: You have a pair of small antennae on your head. [demonic ancestry]
  7260 | D:8      | Reached XP level 10. HP: 58/73 MP: 11/11
  7329 | D:8      | Found Sonwegu's Food Shoppe.
  7541 | Temple   | Entered the Ecumenical Temple
  7788 | Temple   | Became a worshipper of Gozag Ym Sagoz the Greedy
  8045 | D:9      | Reached skill level 1 in Maces & Flails
  8294 | D:9      | Paralysed by a hornet for 2 turns
  8319 | D:9      | Paralysed by a hornet for 2 turns
  9152 | D:9      | Reached skill level 8 in Armour
  9432 | D:9      | HP: 3/73 [orc warrior/war axe (13)]
  9436 | D:9      | Reached skill level 5 in Fighting
 10074 | D:9      | Found an iron altar of Okawaru.
 10074 | D:9      | Found a bloodstained altar of Trog.
 10696 | D:10     | Entered Level 10 of the Dungeon
 10960 | D:10     | Noticed Harold
 11307 | D:9      | HP: 1/74 [troll (11)]
 11307 | D:9      | Slain by a troll

Vault maps used:
D:1:      dpeg_arrival_shrine, serial_bayou_crossing
D:2:      kennysheep_cross_bottleneck, lemuel_another_geyser
D:3:      first_bread
D:4:      dancing_weapons_uskayaw
D:5:      uniq_eustachio, uniq_duvessa
D:6:      yredelemnul_forgotten_temple_becter, minmay_temple_entry_from_below_a,
          serial_shops, kennysheep_mini_moat
D:7:      lemuel_doored_altar, kennysheep_generic_room_15, uniq_joseph,
          uniq_pikel
D:8:      bloody_makhleb, serial_shops, shop, shop
D:9:      grunt_temple_overflow_bloody_war, blue_anna_alchemist
D:10:     cheibrodos_orc_bank, serial_shops, nicolae_shop_stone,
          grunt_ministairs_14, uniq_snorg, uniq_harold, uniq_maurice
Temple:   eino_temple_rhombus

Skill      XL: |  1  2  3  4  5  6  7  8  9 10 |
---------------+-------------------------------+-----
Dodging        | 3 4 5 6 |  6.8
Unarmed Combat | 3 4 5 6 7 |  7.5
Armour         | 1 2 3 5 7 8 |  8.4
Stealth        | 1 2 |  2.2
Throwing       | 2 |  2.0
Fighting       | 3 4 5 |  5.3
Evocations     | 1 2 |  2.6
Maces & Flails | 4 |  4.6

Action                   |  1- 3 |  4- 6 |  7- 9 | 10-12 || total
-------------------------+-------+-------+-------+-------++-------
Melee: Unarmed           |   171 |   352 |   542 |       ||  1065
       Punch             |     2 |     6 |    16 |    18 ||    42
       Whip              |       |       |       |   620 ||   620
Throw: Throwing net      |       |     4 |       |       ||     4
Invok: Potion Petition   |       |       |       |     1 ||     1
Evoke: Wand              |       |     2 |     5 |       ||     7
  Use: Scroll            |       |     5 |     2 |       ||     7
       Potion            |       |     5 |       |    10 ||    15
 Stab: Held in net/web   |       |     4 |       |       ||     4
       Sleeping          |       |     1 |       |       ||     1
       Distracted        |       |       |       |     1 ||     1
  Eat: Chunk             |     1 |     6 |     8 |     2 ||    17
       Royal jelly       |       |     1 |       |       ||     1
       Bread ration      |       |       |     1 |       ||     1
       Fruit             |       |       |     2 |    14 ||    16
Armor: Leather armour    |    51 |    35 |       |       ||    86
       Scale mail        |       |   104 |   203 |       ||   307
       Plate armour      |       |       |   180 |   534 ||   714
Dodge: Dodged            |    90 |   213 |   331 |   290 ||   924
